[ AOE2 MATCH · #508146508 ]
UnrankedMuisca vs Dravidians
Player's team · LOSS
[ REPLAY ANALYSIS · EXTRACTED FROM THE RECORDED GAME ]
Feudal
9:54
Castle
28:21
Imperial
—
| APM avg | 48.4 |
| APM peak | 120 |
| eAPM avg | 18.6 |
| Villagers / military | 104 / 10 |
Focus
⚔️ 34.0% · 🌾 66.0%
Unknown (2550) ×69 · Unknown (2562) ×50 · Archer ×4 · Battering Ram ×3 · Monk ×1 · Mangonel ×1
Feudal
9:48
Castle
25:59
Imperial
46:09
| APM avg | 28.6 |
| APM peak | 75 |
| eAPM avg | 18.2 |
| Villagers / military | 160 / 235 |
Focus
⚔️ 26.7% · 🌾 73.3%
Militia ×96 · Archer ×94 · Scout Cavalry ×16 · Hand Cannoneer ×14 · Urumi Swordsman ×6 · Skirmisher ×4
Match map
Initial resources + every placement click. Lines = walls · curves = elevation contours. ◆ gold · ⬟ stone · ● berries · ✦ relic · ◌ wall gap
Your base· Open — unwalled flank
hsynakan.95's base· Open — unwalled flank
Smoothed initial terrain · ◌ = detected wall gap · hover for details
Inputs per minute
— Chris Snow - - hsynakan.95
Build order — Chris Snow
First 150 of 328 actions detected
| 0:00 | Queue | Villager (Male) |
| 0:00 | Queue | Villager (Male) |
| 0:01 | Queue | Villager (Male) |
| 0:01 | Queue | Villager (Male) |
| 0:01 | Queue | Villager (Male) |
| 0:03 | Build | House |
| 0:04 | Build | House |
| 1:23 | Queue | Villager (Male) |
| 1:24 | Queue | Villager (Male) |
| 1:45 | Build | Settlement |
| 1:53 | Build | Settlement |
| 1:59 | Queue | Villager (Male) |
| 2:19 | Queue | Villager (Male) |
| 2:20 | Queue | Villager (Male) |
| 2:49 | Queue | Villager (Male) |
| 2:50 | Queue | Villager (Male) |
| 3:04 | Queue | Villager (Male) |
| 3:04 | Queue | Villager (Male) |
| 3:44 | Queue | Villager (Male) |
| 3:44 | Queue | Villager (Male) |
| 3:44 | Queue | Villager (Male) |
| 3:44 | Queue | Villager (Male) |
| 4:44 | Queue | Villager (Male) |
| 5:14 | Queue | Villager (Male) |
| 5:14 | Queue | Villager (Male) |
| 5:15 | Queue | Villager (Male) |
| 5:49 | Build | House |
| 6:04 | Build | Settlement |
| 6:27 | Queue | Villager (Male) |
| 6:47 | Queue | Villager (Male) |
| 6:47 | Research | Loom |
| 7:39 | Research | Feudal Age |
| 7:57 | Build | Barracks |
| 8:41 | Build | Palisade Wall |
| 8:52 | Queue | Unit 2550 |
| 8:52 | Queue | Unit 2550 |
| 9:50 | Queue | Unit 2550 |
| 9:54 | Age | Feudal Age |
| 9:58 | Research | Tech 1402 |
| 10:02 | Queue | Villager (Male) |
| 10:02 | Queue | Villager (Male) |
| 10:17 | Build | Archery Range |
| 10:29 | Research | Double-Bit Axe |
| 10:33 | Build | Settlement |
| 10:40 | Queue | Villager (Male) |
| 11:03 | Build | House |
| 11:20 | Queue | Archer |
| 11:53 | Queue | Archer |
| 12:06 | Queue | Villager (Male) |
| 12:06 | Queue | Villager (Male) |
| 12:13 | Queue | Skirmisher |
| 13:19 | Queue | Villager (Male) |
| 13:19 | Queue | Villager (Male) |
| 13:23 | Build | Farm |
| 13:25 | Build | Farm |
| 13:33 | Queue | Unit 2550 |
| 13:33 | Queue | Unit 2550 |
| 14:03 | Queue | Villager (Male) |
| 14:05 | Build | Farm |
| 14:06 | Queue | Villager (Male) |
| 14:12 | Build | Settlement |
| 14:14 | Build | Farm |
| 14:26 | Build | House |
| 14:36 | Build | Farm |
| 14:54 | Research | Gold Mining |
| 14:58 | Queue | Villager (Male) |
| 15:01 | Build | Farm |
| 15:13 | Queue | Unit 2550 |
| 15:14 | Queue | Unit 2550 |
| 15:19 | Build | Blacksmith |
| 15:25 | Queue | Villager (Male) |
| 15:29 | Build | Farm |
| 15:32 | Queue | Villager (Male) |
| 15:41 | Queue | Unit 2550 |
| 16:13 | Build | Watch Tower |
| 16:20 | Queue | Villager (Male) |
| 16:24 | Build | Farm |
| 16:34 | Queue | Villager (Male) |
| 16:58 | Research | Scale Mail Armor |
| 17:07 | Build | Watch Tower |
| 17:21 | Queue | Unit 2550 |
| 17:50 | Queue | Unit 2550 |
| 18:25 | Queue | Unit 2550 |
| 18:26 | Queue | Villager (Male) |
| 18:26 | Queue | Villager (Male) |
| 18:37 | Queue | Villager (Male) |
| 18:40 | Build | Farm |
| 18:42 | Build | Farm |
| 18:43 | Queue | Villager (Male) |
| 19:01 | Queue | Archer |
| 19:01 | Queue | Archer |
| 19:15 | Build | Watch Tower |
| 19:20 | Build | Farm |
| 19:23 | Build | Farm |
| 19:24 | Queue | Villager (Male) |
| 20:18 | Queue | Villager (Male) |
| 20:18 | Queue | Villager (Male) |
| 20:18 | Queue | Villager (Male) |
| 20:32 | Build | Barracks |
| 21:02 | Queue | Unit 2550 |
| 21:02 | Queue | Unit 2550 |
| 21:05 | Build | Farm |
| 21:31 | Build | Settlement |
| 21:37 | Build | Farm |
| 21:51 | Build | Watch Tower |
| 22:30 | Queue | Unit 2550 |
| 22:30 | Queue | Unit 2550 |
| 23:02 | Queue | Villager (Male) |
| 23:02 | Queue | Villager (Male) |
| 23:17 | Queue | Unit 2550 |
| 23:42 | Queue | Unit 2550 |
| 24:03 | Build | Farm |
| 24:06 | Queue | Villager (Male) |
| 24:07 | Queue | Villager (Male) |
| 24:22 | Build | Farm |
| 25:03 | Build | Settlement |
| 25:41 | Research | Castle Age |
| 25:41 | Research | Castle Age |
| 25:59 | Build | Watch Tower |
| 26:34 | Build | Farm |
| 26:35 | Queue | Villager (Male) |
| 26:45 | Research | Fletching |
| 26:56 | Build | Watch Tower |
| 27:23 | Queue | Villager (Male) |
| 27:23 | Queue | Villager (Male) |
| 27:28 | Research | Stone Mining |
| 27:33 | Queue | Unit 2550 |
| 27:33 | Queue | Unit 2550 |
| 28:11 | Queue | Villager (Male) |
| 28:11 | Queue | Villager (Male) |
| 28:21 | Age | Castle Age |
| 28:35 | Build | Market |
| 28:44 | Research | Tech 1351 |
| 28:48 | Queue | Villager (Male) |
| 29:42 | Queue | Villager (Male) |
| 29:42 | Queue | Villager (Male) |
| 29:55 | Build | Castle |
| 29:59 | Queue | Unit 2550 |
| 29:59 | Queue | Unit 2550 |
| 31:11 | Queue | Unit 2562 |
| 31:11 | Queue | Unit 2562 |
| 31:12 | Queue | Unit 2562 |
| 31:12 | Queue | Unit 2562 |
| 31:32 | Queue | Villager (Male) |
| 31:32 | Queue | Villager (Male) |
| 31:32 | Queue | Villager (Male) |
| 31:37 | Build | Siege Workshop |
| 31:42 | Queue | Unit 2562 |
| 32:05 | Queue | Unit 2562 |
| 32:27 | Queue | Mangonel |
Build order — hsynakan.95
First 150 of 471 actions detected
| 0:03 | Build | House |
| 0:05 | Build | House |
| 0:08 | Queue | Villager (Male) |
| 0:29 | Queue | Villager (Male) |
| 0:30 | Queue | Villager (Male) |
| 0:30 | Research | Loom |
| 1:28 | Queue | Villager (Male) |
| 1:52 | Queue | Villager (Male) |
| 2:27 | Queue | Villager (Male) |
| 2:57 | Queue | Villager (Male) |
| 3:33 | Queue | Villager (Male) |
| 3:34 | Queue | Villager (Male) |
| 3:34 | Queue | Villager (Male) |
| 3:47 | Queue | Villager (Male) |
| 4:09 | Build | House |
| 4:30 | Queue | Villager (Male) |
| 4:41 | Build | Lumber Camp |
| 5:08 | Queue | Villager (Male) |
| 5:31 | Build | Mining Camp |
| 5:40 | Queue | Villager (Male) |
| 6:08 | Queue | Villager (Male) |
| 6:29 | Queue | Villager (Male) |
| 7:13 | Queue | Villager (Male) |
| 7:18 | Build | Mill |
| 7:38 | Research | Feudal Age |
| 8:23 | Build | House |
| 8:45 | Build | Barracks |
| 9:26 | Queue | Militia |
| 9:26 | Queue | Militia |
| 9:26 | Queue | Militia |
| 9:48 | Age | Feudal Age |
| 9:48 | Build | House |
| 9:50 | Build | House |
| 9:52 | Queue | Villager (Male) |
| 10:06 | Build | Archery Range |
| 10:11 | Research | Man-at-Arms (upgrade) |
| 10:23 | Build | Archery Range |
| 10:36 | Queue | Villager (Male) |
| 10:42 | Build | Farm |
| 10:43 | Build | Farm |
| 11:04 | Queue | Villager (Male) |
| 11:17 | Queue | Archer |
| 11:18 | Queue | Archer |
| 11:18 | Queue | Archer |
| 11:39 | Queue | Villager (Male) |
| 11:39 | Queue | Villager (Male) |
| 11:54 | Queue | Archer |
| 11:54 | Queue | Archer |
| 11:57 | Build | House |
| 12:06 | Queue | Skirmisher |
| 12:07 | Queue | Skirmisher |
| 12:18 | Queue | Villager (Male) |
| 12:19 | Queue | Villager (Male) |
| 12:29 | Build | Farm |
| 12:30 | Build | Farm |
| 12:33 | Build | Farm |
| 12:35 | Build | Farm |
| 12:37 | Queue | Villager (Male) |
| 12:40 | Build | House |
| 13:17 | Queue | Villager (Male) |
| 13:18 | Queue | Villager (Male) |
| 13:33 | Queue | Villager (Male) |
| 13:37 | Queue | Skirmisher |
| 13:52 | Queue | Villager (Male) |
| 14:14 | Queue | Villager (Male) |
| 14:15 | Queue | Skirmisher |
| 14:17 | Queue | Archer |
| 14:17 | Queue | Archer |
| 14:20 | Queue | Archer |
| 14:31 | Build | House |
| 14:32 | Queue | Militia |
| 14:32 | Queue | Militia |
| 14:42 | Queue | Villager (Male) |
| 14:54 | Queue | Archer |
| 15:02 | Queue | Villager (Male) |
| 15:07 | Build | Farm |
| 15:08 | Build | Farm |
| 15:10 | Build | Farm |
| 15:19 | Build | Blacksmith |
| 15:22 | Queue | Archer |
| 15:25 | Queue | Militia |
| 15:33 | Build | Farm |
| 15:34 | Queue | Villager (Male) |
| 15:45 | Queue | Archer |
| 15:53 | Queue | Militia |
| 15:54 | Queue | Militia |
| 15:54 | Queue | Militia |
| 16:02 | Build | Farm |
| 16:21 | Research | Fletching |
| 16:24 | Build | House |
| 16:37 | Queue | Villager (Male) |
| 16:50 | Research | Arson |
| 16:51 | Queue | Militia |
| 17:04 | Build | House |
| 17:09 | Queue | Villager (Male) |
| 17:17 | Build | Farm |
| 17:18 | Build | Farm |
| 17:20 | Build | Farm |
| 17:30 | Build | Farm |
| 17:31 | Queue | Villager (Male) |
| 18:17 | Queue | Villager (Male) |
| 18:26 | Queue | Villager (Male) |
| 18:31 | Build | House |
| 18:35 | Research | Forging |
| 18:39 | Queue | Archer |
| 18:40 | Queue | Archer |
| 18:45 | Queue | Villager (Male) |
| 18:52 | Build | Farm |
| 19:06 | Build | House |
| 19:09 | Queue | Militia |
| 19:09 | Queue | Militia |
| 19:12 | Queue | Archer |
| 19:12 | Queue | Archer |
| 19:12 | Queue | Archer |
| 19:42 | Queue | Villager (Male) |
| 19:43 | Queue | Villager (Male) |
| 20:23 | Build | Farm |
| 20:30 | Build | Mill |
| 20:31 | Build | Farm |
| 20:32 | Build | Farm |
| 20:32 | Build | Farm |
| 20:32 | Build | Farm |
| 20:32 | Build | Farm |
| 20:33 | Build | Farm |
| 20:33 | Build | Farm |
| 20:35 | Queue | Villager (Male) |
| 20:35 | Queue | Villager (Male) |
| 20:47 | Queue | Archer |
| 20:48 | Queue | Militia |
| 20:55 | Build | House |
| 21:39 | Queue | Villager (Male) |
| 21:39 | Queue | Villager (Male) |
| 21:49 | Build | Lumber Camp |
| 21:54 | Build | Farm |
| 21:54 | Build | Farm |
| 22:50 | Queue | Villager (Male) |
| 23:03 | Build | Farm |
| 23:19 | Research | Castle Age |
| 23:19 | Research | Castle Age |
| 23:19 | Research | Castle Age |
| 23:32 | Build | Archery Range |
| 23:36 | Queue | Archer |
| 23:36 | Queue | Archer |
| 23:40 | Research | Padded Archer Armor |
| 23:49 | Research | Horse Collar |
| 23:59 | Build | Farm |
| 24:06 | Build | Farm |
| 24:10 | Queue | Militia |
| 24:10 | Queue | Militia |
| 24:14 | Research | Gold Mining |
Match timeline
| 7:57 | Chris Snow · first_building Barracks |
| 8:41 | Chris Snow · wall_segment Palisade Wall x1 |
| 8:45 | hsynakan.95 · first_building Barracks |
| 9:48 | hsynakan.95 · age_up feudal |
| 9:54 | Chris Snow · age_up feudal |
| 10:06 | hsynakan.95 · first_building Archery Range |
| 10:17 | Chris Snow · first_building Archery Range |
| 25:59 | hsynakan.95 · age_up castle |
| 28:21 | Chris Snow · age_up castle |
| 29:06 | hsynakan.95 · first_building Siege Workshop |
| 29:51 | Chris Snow · first_market_sell 100 wood |
| 29:52 | Chris Snow · first_market_buy 100 stone |
| 29:55 | Chris Snow · first_building Castle |
| 31:37 | Chris Snow · first_building Siege Workshop |
| 32:39 | Chris Snow · first_building Monastery |
| 37:43 | hsynakan.95 · first_building Castle |
| 46:09 | hsynakan.95 · age_up imperial |
| 49:25 | hsynakan.95 · first_building Stable |
| 66:14 | Chris Snow · resign |
[ AI ANALYSIS · 1 CREDIT ]
What really happened in this match?
Wolo.gg analyzes every decision: build order, eco, micro, common mistakes by bracket. Personalized analysis on WhatsApp or Discord in 30 seconds.
Civ guide
Muisca
Perfil
Jugador #2116293